Map: Lightshade LE

Players

FLORENCIO - Winner!

  • Race: Zerg Zerg
  • League: Platinum
  • Spawn Location: 5:00

ekilinn

  • Race: Protoss Protoss
  • Spawn Location: 11:00

VOD

Have the link to the VOD?

Description

Time

  • Played on: Jan. 29, 2021, 1:19 a.m.
  • Length: 20:06
Show
View Real Time Build Order
Export as new Build Order

FLORENCIO Zerg - Winner!

Build Orders: Pool First 

Get SALT Encoding   

  12  0:03  Drone  
  13  0:09  Drone  
  14  0:25  Spawning Pool  
  13  0:30  Drone  
  13  0:35  Extractor  
  13  0:36  Drone  
  14  0:44  Overlord  
  14  1:18  Hatchery  
  13  1:22  Roach Warren  
  12  1:27  Drone  
  12  1:31  Drone  
  14  1:41  Drone  
  15  1:47  Drone  
  17  2:07  Burrow  
  17  2:10  Hatchery  
  17  2:13  Drone  
  17  2:14  Drone  
  18  2:31  Drone x2  
  20  2:48  Hatchery  
  19  2:56  Overlord  
  19  2:59  Drone  
  19  3:00  Drone  
  21  3:14  Drone  
  22  3:27  Hatchery  
  22  3:31  Roach x3  
  27  3:36  Queen  
  30  3:57  Hatchery  
  30  3:59  Overlord x2  
  29  4:19  Roach x2  
  29  4:23  Spine Crawler  
  32  4:25  Roach  
  31  4:53  Roach  
  31  4:54  Queen, Roach  
  37  5:02  Overlord  
  37  5:04  Roach x2  
  43  5:07  Roach  
  43  5:10  Drone  
  43  5:11  Roach  
  44  5:17  Roach x4  
  46  5:25  Roach x2  
  50  5:39  Roach x2  
  54  5:51  Roach  
  54  5:52  Roach x2  
  60  6:02  Ravager x2, Roach  
  54  6:17  Drone x3  
  57  6:22  Roach x4  
  57  6:23  Extractor  
  56  6:31  Queen  
  56  6:39  Roach x2  
  62  6:40  Roach  
  62  6:46  Spine Crawler  
  61  6:48  Roach x3  
  54  7:16  Roach x4  
  54  7:23  Roach x3  
  54  7:29  Roach x3  
  64  7:34  Roach x4  
  58  7:38  Roach  
  60  7:52  Roach  
  60  7:58  Roach x3  
  56  8:03  Roach x2  
  52  8:17  Ravager  
  52  8:19  Roach x2  
  54  8:43  Roach x3  
  58  8:57  Roach  
  58  9:03  Hatchery  
  57  9:10  Hatchery  
  57  9:14  Hatchery  
  57  9:15  Roach x2  
  53  9:34  Roach x3  
  49  9:39  Zergling x6  
  49  9:40  Drone, Zergling x2  
  48  9:54  Roach x2  
  48  9:58  Roach x2  
  48  9:59  Zergling x2  
  45  10:08  Roach x2  
  41  10:39  Roach x2  
  41  10:43  Roach  
  41  10:51  Zergling x8  
  41  10:52  Drone, Zergling x2  
  41  10:53  Drone x3  
  41  10:54  Drone  
  41  10:55  Drone x2  
  41  10:56  Drone x3  
  52  11:00  Roach x2  
  48  11:24  Zergling x2  
  48  11:25  Zergling x6  
  42  11:28  Drone x3  
  42  11:29  Drone x2  
  42  11:30  Drone  
  42  11:32  Queen  
  50  11:33  Queen  
  50  11:38  Zergling x6  
  55  11:40  Zergling x2  
  55  11:45  Zergling x10  
  61  11:49  Zergling x4  
  61  11:50  Zergling x2  
  64  12:02  Metabolic Boost  
  64  12:11  Overlord  
  64  12:12  Overlord x3  
  60  12:29  Zergling x4  
  63  12:30  Zergling x12  
  61  12:39  Drone x4  
  61  12:41  Drone  
  65  12:44  Drone  
  66  12:52  Drone x3  
  69  12:59  Baneling Nest  
  69  13:04  Drone x6  
  74  13:08  Overlord  
  74  13:32  Spore Crawler x2  
  72  13:42  Baneling x9  
  72  13:43  Baneling x22  
  72  13:48  Extractor x2  
  71  13:49  Drone  
  71  13:50  Drone x5, Extractor x2  
  71  13:52  Overlord  
  71  13:55  Overlord  
  54  14:38  Spine Crawler  
  54  14:40  Spine Crawler  
  54  14:43  Lair  
  50  15:03  Drone  
  50  15:04  Drone x8  
  50  15:05  Zergling x12  
  50  15:06  Zergling x6  
  68  15:10  Spore Crawler  
  68  15:11  Spine Crawler  
  68  15:13  Spine Crawler  
  65  15:16  Spore Crawler  
  68  15:21  Roach x3  
  68  15:27  Pneumatized Carapace  
  70  15:40  Overseer  
  70  15:44  Hatchery  
  68  15:53  Overseer  
  68  16:21  Spire  
  67  16:27  Hydralisk Den  
  66  16:47  Overlord x2  
  66  16:48  Overlord, Roach x3  
  66  16:52  Drone x2  
  66  16:53  Overlord x2  
  68  17:02  Overlord x2  
  68  17:03  Overlord  
  68  17:21  Hydralisk x2  
  78  17:24  Lurker Den  
  71  17:32  Corruptor x10  
  71  17:33  Corruptor  
  93  17:41  Corruptor  
  95  17:47  Overseer  
  95  17:52  Drone x2  
  95  17:53  Drone  
  98  18:20  Hydralisk x5  
  98  18:21  Hydralisk x3  
  98  18:25  Lurker  
  115  18:30  Muscular Augments  
  115  18:33  Roach x3  
  115  18:41  Roach  
  115  18:43  Hatchery  
  115  18:46  Hatchery  
  107  19:00  Hatchery  
  99  19:04  Zergling x2  
  99  19:05  Hydralisk x9  
  118  19:10  Lurker  
  119  19:18  Hydralisk x5  
  118  19:45  Zergling x18  
  116  19:46  Zergling x4  
Show
View Real Time Build Order
Export as new Build Order

ekilinn Protoss 

Build Orders:  

Get SALT Encoding   

  12  0:00  Probe  
  13  0:12  Probe  
  14  0:20  Pylon  
  14  0:24  Probe  
  15  0:38  Probe (Chrono Boost)  
  16  0:44  Gateway  
  16  0:46  Probe (Chrono Boost)  
  17  0:54  Assimilator  
  17  1:06  Forge  
  17  1:12  Gateway  
  17  1:18  Probe  
  18  1:29  Zealot (Chrono Boost)  
  20  1:36  Pylon  
  20  1:45  Photon Cannon  
  20  1:51  Probe  
  21  2:10  Zealot  
  21  2:13  Assimilator  
  23  2:19  Cybernetics Core  
  23  2:27  Zealot  
  25  2:48  Pylon  
  25  2:56  Shield Battery  
  25  2:57  Stalker  
  27  3:03  Probe  
  28  3:10  Stalker  
  28  3:12  Warp Gate (Chrono Boost)  
  30  3:15  Probe  
  31  3:31  Stalker  
  33  3:39  Probe  
  34  3:57  Nexus  
  34  4:05  Pylon  
  26  4:57  Zealot  
  26  4:58  Zealot  
  30  5:05  Photon Cannon  
  30  5:07  Shield Battery  
  30  5:09  Pylon  
  30  5:14  Probe  
  31  5:20  Zealot x2  
  32  5:26  Probe  
  31  5:34  Probe  
  30  5:38  Probe  
  28  5:43  Photon Cannon  
  28  5:48  Stalker  
  28  5:49  Stalker  
  32  5:54  Photon Cannon  
  32  5:58  Pylon  
  30  6:09  Shield Battery  
  28  6:20  Sentry x2  
  28  6:22  Robotics Facility  
  31  6:47  Stalker  
  31  6:54  Zealot  
  32  7:14  Observer (Chrono Boost)  
  33  7:17  Stalker x2  
  33  7:21  Photon Cannon  
  35  7:35  Probe  
  36  7:37  Assimilator  
  36  7:43  Stalker  
  36  7:53  Immortal (Chrono Boost)  
  36  7:56  Gateway  
  38  8:15  Stalker  
  39  8:25  Observer  
  39  8:26  Pylon  
  34  8:56  Stalker  
  33  9:19  Zealot  
  31  9:28  Zealot  
  22  10:03  Observer (Chrono Boost)  
  23  10:13  Probe (Chrono Boost)  
  23  10:23  Probe (Chrono Boost)  
  23  10:28  Probe (Chrono Boost)  
  24  10:30  Zealot x2  
  29  10:39  Probe  
  26  10:51  Probe (Chrono Boost)  
  27  11:01  Probe (Chrono Boost)  
  28  11:05  Zealot x2  
  28  11:06  Probe (Chrono Boost)  
  33  11:18  Probe  
  34  11:26  Stalker x2  
  38  11:35  Probe  
  39  11:44  Gateway  
  39  11:47  Probe  
  39  11:49  Zealot  
  39  11:50  Zealot  
  44  12:12  Zealot x2  
  25  13:00  Zealot x2  
  29  13:06  Nexus, Shield Battery  
  29  13:09  Immortal  
  33  13:25  Twilight Council, Pylon  
  33  13:39  Probe  
  34  13:50  Gateway  
  34  13:51  Probe  
  35  13:56  Assimilator  
  35  14:03  Probe  
  35  14:05  Dark Shrine  
  32  14:14  Zealot  
  25  14:42  Probe  
  25  14:43  Probe  
  27  14:47  Pylon  
  27  14:57  Probe x2  
  29  15:04  Pylon  
  29  15:09  Probe  
  30  15:16  Gateway  
  30  15:26  Probe x2  
  32  15:36  Dark Templar  
  32  15:38  Probe  
  35  15:54  Dark Templar  
  35  15:55  Dark Templar  
  37  16:11  Zealot  
  35  16:12  Charge (Chrono Boost)  
  35  16:14  Probe  
  35  16:15  Probe  
  37  16:26  Probe  
  37  16:27  Probe  
  37  16:28  Sentry  
  41  16:38  Probe  
  42  16:41  Zealot  
  44  16:47  Probe  
  44  16:50  Probe  
  46  16:59  Probe  
  47  17:01  Templar Archives  
  47  17:02  Probe  
  47  17:04  Assimilator  
  48  17:11  Probe  
  48  17:14  Probe  
  50  17:19  Warp Prism (Chrono Boost)  
  52  17:23  Probe  
  53  17:30  Probe  
  54  17:42  High Templar x3  
  60  17:44  Zealot  
  60  17:47  Archon  
  62  18:07  Zealot  
  62  18:12  Immortal  
  68  18:17  Zealot x3  
  74  18:26  Probe  
  75  18:29  High Templar  
  75  18:31  Zealot x2  
  81  18:34  Archon  
  79  19:04  Pylon  
  79  19:14  Pylon  
  79  19:25  Zealot x4  
Tags
 
League
Platinum
Matchup
PvZ
Opening
Pool First
Spawn Locations
Cross Positions
Add a new tag
Caveats
  • Supply blocks, unpowered buildings, or Contaminate may cause inaccurate times.
  • Supply counts are checked every 10 seconds.